 Dungeon Crawl Stone Soup version 0.27.1-34-g3ba077fa99 (webtiles) character file.

Game seed: 14468646720037909515

110 UnfinishedLine the Ducker (level 4, -2/19 HPs)
             Began as a Felid Venom Mage on Jan 10, 2022.
             Slain by a human zombie (3 damage)
             ... on level 4 of the Dungeon.
             The game lasted 00:15:18 (6116 turns).

UnfinishedLine the Ducker (Felid Venom Mage)        Turns: 6116, Time: 00:15:20

Health: -2/19      AC:  1    Str:  4    XL:     4   Next: 61%
Magic:  0/9        EV: 18    Int: 17    God:
Gold:   192        SH:  0    Dex: 17    Spells: 5/9 levels left
                                        Lives:  0   Deaths: 1

rFire    . . .     SeeInvis +   (weapon unavailable)
rCold    . . .     Faith    .   (shield unavailable)
rNeg     . . .     Spirit   .   (armour unavailable)
rPois    .         Reflect  .   (helmet unavailable)
rElec    .         Harm     .   (cloak unavailable)
rCorr    .         Rampage  .   (gloves unavailable)
Will     .....                  (boots unavailable)
Stlth    +++.......             (no amulet)
HPRegen  0.06/turn              (no ring)
MPRegen  0.11/turn              (no ring)

@: quick
A: very small, claws 1, fangs 3, see invisible, speed 1, shaggy fur 1, stealthy
paws, no weapons or thrown items, no armour, multi-lived
a: no special abilities


You were on level 4 of the Dungeon.
You visited 1 branch of the dungeon, and saw 4 of its levels.

You collected 192 gold pieces.

Inventory:

Jewellery
 k - an amulet of guardian spirit
Wands
 l - a wand of charming (6)
Scrolls
 a - 3 scrolls of noise
 b - a scroll of fog
 c - a scroll of torment
 e - 3 scrolls of brand weapon {unknown}
 g - a scroll of amnesia {unknown}
Potions
 d - a potion of lignification {unknown}
 h - 2 potions of curing
 i - a potion of attraction {unknown}
 j - a potion of invisibility {unknown}


   Skills:
 + Level 1.0 Fighting
 * Level 4.1 Dodging
 * Level 3.6 Stealth
 + Level 0.4 Unarmed Combat
 + Level 3.1 Spellcasting
 + Level 1.6 Transmutations
 * Level 0.8 Air Magic
 * Level 3.8 Poison Magic


You had 5 spell levels left.
You knew the following spells:

 Your Spells              Type           Power      Damage    Failure   Level
a - Sting                 Tmut/Pois      48%        1d5       5%          1
b - Poisonous Vapours     Pois/Air       20%        N/A       10%         2
c - Pain                  Necr           8%         1d4       17%         1

Your spell library contained the following spells:

 Spells                   Type           Power      Damage    Failure   Level
 Slow                     Hex            2%         N/A       26%         2
 Mephitic Cloud           Conj/Pois/Air  8%         N/A       26%         3
 Olgreb's Toxic Radiance  Pois           15%        N/A       34%         4
 Confusing Touch          Hex            2%         N/A       45%         3
 Yara's Violent Unravell  Hex/Tmut       2%         3d3       98%         5


Dungeon Overview and Level Annotations

Branches:
Dungeon (4/15)
 Temple: D:4-7

Altars:
Fedhas
Kikubaaqudgha
Vehumet

Annotations:
D:4 exclusion: phantom


Innate Abilities, Weirdness & Mutations

You have sharp claws.
You have razor-sharp teeth.
You have supernaturally acute eyesight. (SInv)
You cover ground quickly. (Speed+)
You are covered in fur. (AC +1)
Your paws help you pounce on unaware monsters.
You are incapable of wielding weapons or throwing items.
You cannot wear armour.
You gain extra lives every three experience levels.


Message History

Confirm with . or Enter, or press ? or * to list all spells.
Aiming: Sting (safe; 5% risk of failure)
Press: ? - help, Shift-Dir - straight line, f/p - human zombie
Aim: a human zombie (severely damaged, 79% to hit)
The sting hits the human zombie.
The human zombie is severely damaged.
The human zombie hits you.
* * * LOW HITPOINT WARNING * * *
You scratch the human zombie.
The human zombie is severely damaged.
You scratch the human zombie.
The human zombie is severely damaged.
The human zombie closely misses you.
You scratch the human zombie.
The human zombie is almost destroyed.
The human zombie closely misses you.
You scratch the human zombie.
The human zombie is almost destroyed.
The human zombie hits you but does no damage.
You scratch the human zombie.
The human zombie is almost destroyed.
The human zombie hits you.
* * * LOW HITPOINT WARNING * * *
You scratch the human zombie. Your bite misses the human zombie.
The human zombie is almost destroyed.
You barely miss the human zombie.
The human zombie is almost destroyed.
The human zombie completely misses you.
You scratch the human zombie.
The human zombie is almost destroyed.
The human zombie completely misses you.
Casting: Sting (safe; 5% risk of failure)
Confirm with . or Enter, or press ? or * to list all spells.
Aiming: Sting (safe; 5% risk of failure)
Press: ? - help, Shift-Dir - straight line, f/p - human zombie
Aim: a human zombie (almost destroyed, 79% to hit)
The sting hits the human zombie.
The human zombie partially resists.
The human zombie is almost destroyed.
The human zombie hits you.
You die...

######## #......#######
#.#..........#
#.#.##.#####.# #.#.##.# #.#
#.#.##.# #.# #Z#.##.# #.#
#@#.##.# #.# #.#.##.# #.#
#.#.##.# #.# #.#.##.#
#.##### #.!....W...#.....Z
###.######.####### ..# # ...
#..#.#######################


You could see a human zombie.

Vanquished Creatures
  An orc priest (D:2)
  A scorpion zombie (D:4)
  2 orc wizards (D:2)
  3 adders
  2 adder zombies (D:4)
  A worm (D:3)
  4 dart slugs (D:1)
  3 orcs (D:2)
  4 endoplasms
  2 giant cockroaches (D:1)
  6 goblins
  5 hobgoblins
  5 jackals
  3 quokkas
  6 ball pythons
  4 bats
  3 frilled lizards
  5 kobolds
  7 rats
67 creatures vanquished.

Vanquished Creatures (others)
  18 plants (D:2)
18 creatures vanquished.

Grand Total: 85 creatures vanquished

Notes
Turn   | Place    | Note
-------+----------+-------------------------------------------
     0 | D:1      | UnfinishedLine the Felid Venom Mage began the quest for the
                  | Orb.
     0 | D:1      | Reached XP level 1. HP: 7/7 MP: 4/4
   228 | D:1      | Reached XP level 2. HP: 3/11 MP: 4/6
   560 | D:1      | Reached skill level 3 in Dodging
   695 | D:1      | Found a faded altar of an unknown god.
   704 | D:1      | Got Plato's Disquisition on Evil
   999 | D:1      | Learned a level 2 spell: Poisonous Vapours
  1022 | D:1      | Reached XP level 3. HP: 10/14 MP: 1/7
  1950 | D:2      | Reached skill level 1 in Fighting
  1950 | D:2      | Reached XP level 4. HP: 18/19 MP: 4/9
  2597 | D:2      | Reached XP level 5. HP: 19/22 MP: 6/10
  4092 | D:3      | Found a radiant altar of Vehumet.
  4206 | D:3      | Found a blossoming altar of Fedhas.
  4894 | D:4      | Learned a level 1 spell: Pain
  4912 | D:4      | Reached skill level 4 in Dodging
  5522 | D:4      | Noticed a necrophage
  5861 | D:4      | Found an ancient bone altar of Kikubaaqudgha.
  5912 | D:4      | Slain by an orc priest
  5913 | D:4      | Reached XP level 4. HP: -1/16 MP: 9/9
  5913 | D:4      | Noticed a phantom
  6116 | D:4      | Slain by a human zombie

Illustrated notes

Levels and vault maps discovered:
D:1:      dpeg_arrival_tiny_a, layout_basic, shapermc_ecumenical_altar_rom_forum
D:2:      cheibrodos_pilgrimage, layout_basic, serial_bayou_lake_a
D:3:      layout_loops_corners, general_overflow_altar,
          mainiacjoe_overflow_six_doors_small
D:4:      layout_basic, lemuel_mausoleum_altar_kikubaaqudgha

Skill      XL: |  1  2  3  4  5 |
---------------+----------------+-----
Poison Magic   | 3 |  3.8
Dodging        | 3 4 |  4.1
Stealth        | 3 |  3.6
Fighting       | 1 |  1.0
Spellcasting   | 3 |  3.1
Unarmed Combat | |  0.4
Transmutations | |  1.6
Air Magic      | |  0.8

Action                   |  1- 3 |  4- 6 || total
-------------------------+-------+-------++-------
Melee: Unarmed           |    24 |    86 ||   110
       Bite              |     1 |     6 ||     7
       Punch             |       |     1 ||     1
 Cast: Sting             |    45 |    62 ||   107
       Poisonous Vapours |    11 |    21 ||    32
  Use: Scroll            |     2 |     2 ||     4
 Stab: Sleeping          |       |     3 ||     3
Armor: Skin              |     4 |     4 ||     8
Dodge: Dodged            |    21 |    64 ||    85
